 Dungeon Crawl Stone Soup version 0.30-a0-718-geaa24f58ff (webtiles) character file.

Game seed: 2440262098369783961

407 horus123 the Trooper (level 6, 0/43 (45) HPs)
             Began as an Octopode Fighter on Jan 25, 2023.
             Succumbed to Crazy Yiuf's poison
             ... on level 3 of the Dungeon.
             The game lasted 00:05:35 (3081 turns).

horus123 the Trooper (Octopode Fighter)             Turns: 3081, Time: 00:05:35

HP:   0/43 (45)     AC:  1    Str: 16    XL:     6   Next: 88%
MP:   3/6           EV: 13    Int: 10    God:
Gold: 177           SH:  4    Dex: 13    Spells: 5/5 levels left

rFire   . . .      SeeInvis .    k - +0 mace
rCold   . . .      Faith    .    a - +0 buckler
rNeg    . . .      Spirit   .    (helmet restricted)
rPois   .          Reflect  .    d - amulet of magic regeneration
rElec   .          Harm     .    (no ring)
rCorr   .          Rampage  .    (no ring)
Will    .....                    (no ring)
Stlth   ++                       (no ring)
HPRegen 0.27/turn                (no ring)
MPRegen 0.50/turn                (no ring)
                                 (no ring)
                                 (no ring)

@: lethally poisoned (0 -> -8), lightly drained
A: almost no armour, amphibious, 8 rings, camouflage 1, gelatinous body 1,
(nimble swimmer 1), tentacles
a: no special abilities


You were on level 3 of the Dungeon.
You visited 1 branch of the dungeon, and saw 3 of its levels.

You collected 177 gold pieces.

Inventory:

Hand Weapons
 k - a +0 mace (weapon)
 m - the +5 sling of Recklessness {speed, Int+2}
   (You found it on level 3 of the Dungeon)

   Int:       It affects your intelligence (+2).
Armour
 a - a +0 buckler (worn)
Jewellery
 d - an amulet of magic regeneration (around mantle)
Scrolls
 c - a scroll of teleportation {unknown}
 f - a scroll of fear
 g - a scroll of immolation
 i - 2 scrolls of magic mapping {unknown}
 l - a scroll of amnesia {unknown}
Potions
 b - 3 potions of might
 e - a potion of magic {unknown}
 h - 5 potions of curing {unknown}
 j - a potion of flight {unknown}
 n - a potion of invisibility {unknown}
 o - a potion of lignification {unknown}


   Skills:
 - Level 5.0 Fighting
 - Level 4.6 Maces & Flails
 + Level 0.5 Ranged Weapons
 - Level 3.0 Dodging
 - Level 3.0 Shields
 - Level 3.0 Unarmed Combat


You had 5 spell levels left.
You didn't know any spells.
Your spell library was empty.

Dungeon Overview and Level Annotations

Branches:
Dungeon (3/15)

Altars:
Ashenzari

Annotations:
D:3 Crazy Yiuf


Innate Abilities, Weirdness & Mutations

You cannot wear most types of armour.
You are amphibious.
You can wear up to eight rings at the same time.
Your skin changes colour to match your surroundings (Stealth+).
Your rubbery body absorbs attacks. (AC +1, EV +1)
((You are camouflaged when in or above water. (Stealth+)))
You have tentacles for arms and can constrict up to eight enemies at once.


Message History

The ball python hisses angrily.
The sling bullet hits the ball python.
You kill the ball python!
No target in view!
No target in view!
You enter the shallow water.
You now have 177 gold pieces (gained 10).
Things that are here:
a +0 short sword; a kobold corpse You enter the shallow water.
You enter the shallow water.
You enter the shallow water.
You enter the shallow water.
Things that are here:
a +0 scythe; a +0 robe
There is an escape hatch in the ceiling here.
You see here a +0 hammer.
You see here a +0 hammer.
There's something in the way.
k - a +0 mace (weapon)
You open the door. You closely miss Crazy Yiuf. Your grab misses Crazy Yiuf.
Crazy Yiuf hits you with a +3 quarterstaff of chaos!
You feel drained.
You sock Crazy Yiuf! Your grab misses Crazy Yiuf.
Crazy Yiuf is heavily wounded.
Crazy Yiuf hits you with a +3 quarterstaff of chaos!
You feel your power leaking away.
Crazy Yiuf hits you with a +3 quarterstaff of chaos!
You are poisoned.
You hit Crazy Yiuf. Your grab misses Crazy Yiuf.
Crazy Yiuf is severely wounded.
* * * LOW HITPOINT WARNING * * *
You feel very sick.
Crazy Yiuf hits you with a +3 quarterstaff of chaos!
* * * LOW HITPOINT WARNING * * *
You hit Crazy Yiuf. You grab Crazy Yiuf.
Crazy Yiuf is almost dead.
You constrict Crazy Yiuf.
You die...

##...###....####.##........
##### ##..## #..#........
♣....♣ #........... ♣)..♣♣
#..#...).... ♣♣.♣♣
#..#...##### ♣)♣♣ #..#...#
♣♣)♣ #..#...# ♣.♣♣ #..#...#
## ♣♣@♣ #..#...# #. #g#
#..#...# #. ..) ####...# #.
#.).# #...# #. #..)# #...#
## ##### #####


You could see Crazy Yiuf.

Vanquished Creatures
  Sigmund (D:3)
  A scorpion (D:3)
  Natasha (twice) (D:2)
  5 adders
  A gnoll (D:3)
  2 worms (D:2)
  4 dart slugs
  2 orcs
  6 ball pythons
  5 bats
  7 endoplasms
  A giant cockroach (D:3)
  4 goblins
  5 hobgoblins
  5 jackals (D:2)
  6 kobolds
  3 quokkas
  3 frilled lizards
  6 rats
69 creatures vanquished.

Vanquished Creatures (others)
  6 plants (D:3)
6 creatures vanquished.

Grand Total: 75 creatures vanquished

Notes
Turn   | Place    | Note
-------+----------+-------------------------------------------
     0 | D:1      | horus123 the Octopode Fighter began the quest for the Orb.
     0 | D:1      | Reached XP level 1. HP: 16/16 MP: 1/1
   310 | D:1      | Reached XP level 2. HP: 12/21 MP: 2/2
   878 | D:1      | Reached XP level 3. HP: 26/26 MP: 3/3
  1279 | D:2      | Reached skill level 4 in Fighting
  1350 | D:2      | Reached XP level 4. HP: 33/33 MP: 4/4
  1612 | D:2      | Noticed Natasha
  1636 | D:2      | Killed Natasha
  1637 | D:2      | Reached skill level 5 in Fighting
  1637 | D:2      | Reached XP level 5. HP: 17/39 MP: 5/5
  2168 | D:2      | Noticed Natasha
  2173 | D:2      | Killed Natasha
  2174 | D:2      | Reached skill level 1 in Maces & Flails
  2421 | D:3      | Identified the +5 sling of Recklessness {speed, Int+2}
  2424 | D:3      | Noticed Sigmund
  2476 | D:3      | Reached XP level 6. HP: 45/45 MP: 6/6
  2495 | D:3      | Killed Sigmund
  2748 | D:3      | Identified the +0 ring mail "Uzeogal" {Regen+}
  2751 | D:3      | Found a faded altar of an unknown god.
  2775 | D:3      | Found a runed translucent door.
  2776 | D:3      | Noticed Crazy Yiuf
  2933 | D:3      | Found a broken altar of Ashenzari.
  3080 | D:3      | HP: 2/43 [Crazy Yiuf/+3 quarterstaff of chaos (8)]
  3081 | D:3      | Succumbed to Crazy Yiuf's poison

Illustrated notes

Levels and vault maps discovered:
D:1:      nicolae_arrival_somewhat_less_tricky_arrival, layout_loops_corners,
          minmay_tree_intersection, minmay_misc_feat_enclosed
D:2:      layout_rooms, serial_bayou_pond_d, small_statue_intersection,
          uniq_natasha
D:3:      layout_basic, mainiacjoe_overflow_alcove_1,
          hellmonk_ecumenical_altar_lost_god, st_stairs_2, serial_bayou_ford_a,
          uniq_crazy_yiuf_cottage, uniq_sigmund

Skill      XL: |  1  2  3  4  5  6 |
---------------+-------------------+-----
Unarmed Combat | 3 |  3.0
Fighting       | 4 5 |  5.0
Maces & Flails | 3 4 |  4.6
Ranged Weapons | |  0.5
Dodging        | |  3.0
Shields        | |  3.0

Action                     |  1- 3 |  4- 6 || total
---------------------------+-------+-------++-------
  Melee: Unarmed           |    92 |    32 ||   124
         Constrict         |    22 |    14 ||    36
         Tentacles         |    12 |     9 ||    21
         Mace              |       |    23 ||    23
   Fire: Sling             |       |    31 ||    31
    Use: Scroll            |     1 |     1 ||     2
   Stab: Sleeping          |     6 |     4 ||    10
         Distracted        |     1 |     1 ||     2
 Armour: Skin              |     6 |     4 ||    10
  Dodge: Dodged            |    48 |    25 ||    73
  Block: Buckler           |    15 |    10 ||    25

Table legend: (Time is in decaauts)
 A = Elapsed time spent in this place.
 B = Non-inter-level travel time spent in this place.
 C = Inter-level travel time spent in this place.
 D = Time resting spent in this place.
 E = Time spent auto-exploring this place.
 F = Levels seen in this place.
 G = Mean time per level.
                   A        B        C        D        E       F      G
               +--------+--------+--------+--------+--------+-----+--------+
         Total |   3083 |   2968 |    115 |    369 |   1929 |   3 | 1027.7 |
       Dungeon |   3083 |   2968 |    115 |    369 |   1929 |   3 | 1027.7 |
               +--------+--------+--------+--------+--------+-----+--------+

Top non-repeatable levels by time:
     D:1: 1311 daAuts
     D:2: 932 daAuts
     D:3: 840 daAuts
